 Dungeon Crawl Stone Soup version 0.30.1-11-g7821555f0a (webtiles) character file.

Game seed: 3817807791808513821

25680 Dadi the Fighter (level 13, -13/88 HPs)
             Began as a Gargoyle Fighter on Nov 2, 2023.
             Was a High Priest of Okawaru.
             Killed from afar by a rime drake (30 damage)
             ... with an icy flash freeze
             ... on level 4 of the Lair of Beasts on Nov 3, 2023.
             The game lasted 00:27:16 (13889 turns).

Dadi the Fighter (Gargoyle Fighter)                Turns: 13889, Time: 00:27:16

Health: -13/88     AC: 28    Str: 35    XL:     13   Next: 21%
Magic:  19/19      EV: 10    Int:  4    God:    Okawaru [*****.]
Gold:   1593       SH:  6    Dex: 14    Spells: 12/12 levels left

rFire   + . .        I - +11 morningstar of Precise Incision {holy, +Blink rPois Int-2 Dex+5}
rCold   . . .        c - +0 buckler
rNeg    + . .        s - +4 scale mail {rF+}
rPois   ∞            Q - +2 hat
rElec   +            u - +0 cloak
rCorr   .            x - +0 pair of gloves
SInv    .            G - +0 pair of boots
Will    .....        (no amulet) Stlth
                     K - ring "Suaq" {Fly Str+5 Int-4}
HPRegen 0.34/turn    L - +6 ring of strength
MPRegen 0.16/turn

%: no passive effects
@: flying
A: sickness immunity, AC +9, negative energy resistance 1, electricity
resistance, torment resistance 1, petrification resistance
a: Renounce Religion, Evoke Blink, Heroism, Finesse, Duel


You were on level 4 of the Lair of Beasts.
You worshipped Okawaru.
Okawaru was extremely pleased with you.
You visited 3 branches of the dungeon, and saw 16 of its levels.
You also visited: Bailey.

You collected 1593 gold pieces.

Inventory:

Hand Weapons
 t - a +1 hammer of holy wrath
 w - a +2 whip of electrocution
 E - a +5 flail of protection
 I - the +11 morningstar of Precise Incision (weapon) {holy, +Blink rPois Int-2 Dex+5}
   (You acquired it on level 3 of the Lair of Beasts)

   Int:       It affects your intelligence (-2).
   Dex:       It affects your dexterity (+5).
   rPois:     It protects you from poison.
   +Blink:    It lets you blink.
Armour
 c - a +0 buckler (worn)
 s - a +4 scale mail of fire resistance (worn)
 u - a +0 cloak (worn)
 x - a +0 pair of gloves (worn)
 G - a +0 pair of boots (worn)
 Q - a +2 hat (worn)
 S - the +2 pair of boots "Teafaos" {Harm}
   (Okawaru gifted it to you on level 1 of the Lair of Beasts)

   Harm:      It increases damage dealt and taken.
Jewellery
 H - a ring of positive energy
 K - the ring "Suaq" (left hand) {Fly Str+5 Int-4}
   (You found it on level 10 of the Dungeon)

   [ring of flight]

   Str:       It affects your strength (+5).
   Int:       It affects your intelligence (-4).
   Fly:       It grants you flight.
 L - a +6 ring of strength (right hand)
 N - a +6 ring of dexterity
 O - a ring of fire
 R - a ring of protection from cold
Wands
 r - a wand of roots (3)
 y - a wand of mindburst (7) (quivered)
 T - a wand of flame (21)
Scrolls
 a - 4 scrolls of enchant weapon
 e - 3 scrolls of fear
 h - 6 scrolls of teleportation
 i - 4 scrolls of butterflies
 j - 4 scrolls of fog
 k - 2 scrolls of identify
 q - 2 scrolls of blinking {unknown}
 v - 2 scrolls of brand weapon
 B - 2 scrolls of enchant armour {unknown}
 C - 2 scrolls of amnesia {unknown}
 D - 5 scrolls of poison
 F - a scroll of immolation {unknown}
 M - 3 scrolls of noise {unknown}
 P - a scroll of vulnerability {unknown}
Potions
 b - 12 potions of heal wounds
 d - 6 potions of might
 f - a potion of mutation
 g - 4 potions of curing
 l - 2 potions of brilliance
 m - 2 potions of haste
 n - 2 potions of degeneration
 o - 4 potions of resistance
 p - a potion of attraction
 z - 5 potions of flight
 A - a potion of invisibility
 J - 2 potions of lignification {unknown}


   Skills:
 + Level 13.0 Fighting
 + Level 11.9 Maces & Flails
 - Level 10.1 Armour
 - Level 10.1 Shields
 - Level 8.5 Invocations
 + Level 2.4 Evocations


You had 12 spell levels left.
You didn't know any spells.
Your spell library contained the following spells:

 Spells                   Type           Power      Damage    Failure   Level
 Apportation              Tloc           0%         N/A       71%         1
 Magic Dart               Conj           0%         1d3       71%         1
 Necrotise                Necr           0%         1d4       71%         1
 Sting                    Tmut/Pois      0%         1d3       71%         1
 Blink                    Tloc           0%         N/A       85%         2
 Poisonous Vapours        Pois/Air       0%         N/A       85%         2
 Searing Ray              Conj           0%         2d4       85%         2
 Inner Flame              Hex/Fire       0%         N/A       97%         3
 Portal Projectile        Hex/Tloc       0%         N/A       97%         3
 Vampiric Draining        Necr           0%         2d6       97%         3
 Flame Wave               Conj/Fire      0%         2d4       100%        4
 Fulminant Prism          Conj/Hex       0%         3d5       100%        4
 Manifold Assault         Tloc           0%         N/A       100%        4
 Olgreb's Toxic Radiance  Pois           0%         N/A       100%        4
 Sticky Flame             Conj/Fire      0%         2d3       100%        4
 Agony                    Necr           0%         N/A       100%        5
 Alistair's Intoxication  Tmut/Pois      0%         N/A       100%        5
 Blade Hands              Tmut           0%         N/A       100%        5
 Storm Form               Tmut/Air       0%         N/A       100%        7
 Chain Lightning          Conj/Air       0%         N/A       100%        9
 Fire Storm               Conj/Fire      0%         5d1       100%        9
 Shatter                  Erth           0%         3d5*      100%        9
 Tukima's Dance           Hex            Unusable   N/A       N/A         3

Dungeon Overview and Level Annotations

Branches:
Dungeon (11/15)            Temple (1/1) D:4            Lair (4/5) D:10
 Shoals (0/4) Lair:3       Spider (0/4) Lair:3        Slime (0/5) Lair:4
 Bailey (visited)
    Orc: D:9-12

Altars:
Ashenzari
Cheibriados
Dithmenos
Elyvilon
Fedhas
Gozag
Hepliaklqana
Kikubaaqudgha
Makhleb
Nemelex Xobeh
Okawaru
Qazlal
Ru
Sif Muna
Trog
Uskayaw
Vehumet
Wu Jian
Xom
Yredelemnul
Zin
The Shining One

Shops:
D:11 *


Innate Abilities, Weirdness & Mutations

You are immune to sickness and miasma.
Your stone body is resilient. (AC +9)
You are immune to poison.
You resist negative energy. (rN+)
You are resistant to electric shocks. (rElec)
You are resistant to unholy torment.
You are immune to petrification.


Message History

You bludgeon the basilisk!!
You kill the basilisk!
Okawaru accepts your kill.
A wyvern comes into view.
You bludgeon the hell rat!!
You kill the hell rat!
Okawaru accepts your kill.
You hear the beating of a drum nearby.
The wyvern barely misses you.
You bludgeon the wyvern!!
The wyvern is almost dead.
You hear an angry hiss. x2
The wyvern bites you but does no damage.
You bludgeon the wyvern!!
You kill the wyvern!
Okawaru accepts your kill. The rime drake breathes ice at you.
The icy flash freeze hits you!!
* * * LOW HITPOINT WARNING * * *
You are encased in ice.
You bludgeon the rime drake!!
You kill the rime drake!
Okawaru accepts your kill.
You hear an angry hiss.
You hear a deafening roar!
You feel better.
You start resting.
The ice encasing you melts away.
Your hands slow down.
A rime drake comes into view.
The rime drake hisses angrily.
You impale the hell rat!!
You kill the hell rat!
Okawaru accepts your kill.
You hear an angry hiss.
A wyvern comes into view.
You impale the rime drake!!
The rime drake is almost dead.
The rime drake breathes ice at you. The icy flash freeze hits you!!
You die...

****,,,*,,,,,,,#.....###.#**,*,,
*,,,,,,*,,,,,,,#..........,,,,,,
***,,,*,*rrl,,,,#....####.#,*,,,,
*,,,,,***,H.,,,,#.#..###******,,,
,,,,*** *,,.l,,,###....# **,,
,,,** *,,,l,,,*#.#...## *,,, ,,**
#####.***###....###****,,
,,,*****#.....#######.....#.,,,,,
,,,,,*,*##.....#@#.........).,^,,
,,,,,,,,#.....#†k............,,,,
,,,>,,,,......l..............,,,,
,,,,,,,,.....................,,>,
,,,,,,,,.....................,,,,
,,,,,,,,.P...#...............,,,,
,,,*****##...#.#.#...........,,,,
,,,,* *P......#####....#.P.,,,,,
,,*** *#.....#,* *,....###*,*,,,


You could see a rime drake (catching breath) and a wyvern.

Vanquished Creatures
  Gastronok (D:10)
  An orc warlord (Bailey)
  2 two-headed ogres
  Pikel (D:7)
  2 orc knights (Bailey)
  A wolf spider (Lair:3)
  3 black mambas
  Joseph (D:7)
  3 cane toads
  3 unseen horrors
  8 rime drakes
  4 komodo dragons
  16 blink frogs
  2 polar bears
  A shadow (D:10)
  A snapping turtle (Lair:3)
  3 wraiths (Lair:4)
  A vampire (D:9)
  13 yaks
  An unseen horror simulacrum (D:8)
  8 wyverns
  2 basilisks
  Edmund (D:4)
  7 water moccasins
  6 ice beasts
  14 orc warriors
  A black bear (D:5)
  17 wolves
  2 phantoms
  5 centaurs
  An ogre (D:5)
  A lemure (D:7)
  A kobold brigand (D:8)
  7 bullfrogs
  3 scorpions
  A hornet simulacrum (D:8)
  3 killer bees (D:7)
  8 electric eels
  5 howler monkeys
  A hound (D:6)
  3 orc priests
  Crazy Yiuf (D:2)
  5 iguanas
  Terence (D:2)
  4 orc wizards
  6 hell rats
  12 gnolls
  11 adders
  11 river rats (Lair:1)
  A shadow imp (D:6)
  2 howler monkey simulacra (D:8)
  4 white imps
  2 ufetubi
  A worm (D:7)
  2 dart slugs
  39 orcs
  6 ball pythons
  4 bats
  5 endoplasms
  A giant cockroach (D:2)
  18 goblins
  11 hobgoblins
  11 jackals
  17 kobolds
  2 quokkas
  A frilled lizard (D:2)
  4 rats (D:1)
347 creatures vanquished.

Vanquished Creatures (others)
  An orc wizard (D:7)
1 creature vanquished.

Grand Total: 348 creatures vanquished

Notes
Turn   | Place    | Note
-------+----------+-------------------------------------------
     0 | D:1      | Dadi the Gargoyle Fighter began the quest for the Orb.
     0 | D:1      | Reached XP level 1. HP: 14/14 MP: 1/1
   165 | D:1      | Reached XP level 2. HP: 19/19 MP: 2/2
   625 | D:1      | Reached XP level 3. HP: 23/24 MP: 3/3
   628 | D:1      | Reached skill level 4 in Fighting
  1057 | D:2      | Found a sacrificial altar of Ru.
  1317 | D:2      | Noticed Terence
  1327 | D:2      | Killed Terence
  1328 | D:2      | Reached XP level 4. HP: 9/30 MP: 4/4
  1638 | D:2      | Found a runed translucent door.
  1639 | D:2      | Noticed Crazy Yiuf
  1705 | D:2      | Found a faded altar of an unknown god.
  1895 | D:2      | Killed Crazy Yiuf
  1896 | D:2      | Reached XP level 5. HP: 14/34 MP: 5/5
  2152 | D:3      | Reached skill level 5 in Fighting
  2214 | D:3      | Identified the +6 trident of the Evil Eye {freeze, SInv}
  2621 | D:4      | Noticed Edmund
  2693 | D:4      | Reached XP level 6. HP: 40/40 MP: 6/6
  2739 | D:4      | Found a staircase to the Ecumenical Temple.
  2750 | Temple   | Entered the Ecumenical Temple
  2776 | Temple   | Became a worshipper of Warmaster Okawaru
  2886 | D:4      | Found a hazy altar of Hepliaklqana.
  3162 | D:5      | Entered Level 5 of the Dungeon
  3260 | D:5      | Reached skill level 6 in Fighting
  3281 | D:5      | Reached skill level 5 in Maces & Flails
  3290 | D:5      | Noticed a black bear
  3298 | D:5      | Killed a black bear
  3299 | D:5      | Reached XP level 7. HP: 47/47 MP: 7/7
  3360 | D:5      | Reached * piety under Okawaru
  3758 | D:5      | Reached skill level 7 in Fighting
  4044 | D:6      | Reached ** piety under Okawaru
  4045 | D:6      | Reached XP level 8. HP: 38/53 MP: 8/8
  4171 | D:4      | Killed Edmund
  4310 | D:6      | Reached skill level 8 in Fighting
  4620 | D:6      | Found an ancient bone altar of Kikubaaqudgha.
  4723 | D:7      | Noticed Joseph
  4827 | D:7      | Noticed Pikel
  4853 | D:7      | Killed Pikel
  4854 | D:7      | Reached skill level 9 in Fighting
  4854 | D:7      | Reached XP level 9. HP: 50/60 MP: 7/9
  5295 | D:7      | Reached skill level 1 in Invocations
  5392 | D:7      | Reached *** piety under Okawaru
  5467 | D:7      | Found a snail-covered altar of Cheibriados.
  5648 | D:8      | Reached skill level 10 in Fighting
  5665 | D:8      | Reached skill level 5 in Invocations
  5666 | D:8      | Reached **** piety under Okawaru
  5797 | D:8      | Received a gift from Okawaru
  5822 | D:8      | Identified a scroll of acquirement
  5822 | D:8      | Acquired 881 gold pieces
  5841 | D:8      | Reached XP level 10. HP: 43/68 MP: 13/15
  5859 | D:8      | Found a flagged portal.
  5896 | Bailey   | Entered a bailey
  6220 | Bailey   | Noticed an orc knight
  6231 | Bailey   | Killed an orc knight
  6413 | Bailey   | Noticed an orc knight
  6413 | Bailey   | Noticed an orc warlord
  6449 | Bailey   | Killed an orc warlord
  6450 | Bailey   | Reached skill level 5 in Armour
  6450 | Bailey   | Reached skill level 5 in Shields
  6455 | Bailey   | Killed an orc knight
  6651 | D:8      | Reached XP level 11. HP: 70/72 MP: 17/17
  6731 | D:7      | Killed Joseph
  7134 | D:8      | You fall into a shaft and drop 2 floors!
  7134 | D:10     | Entered Level 10 of the Dungeon
  7164 | D:10     | Found a blossoming altar of Fedhas.
  7166 | D:10     | Noticed Gastronok
  7307 | D:10     | Identified the ring "Suaq" {Fly Str+5 Int-4}
  7553 | D:9      | Reached ***** piety under Okawaru
  7954 | D:8      | Noticed a two-headed ogre
  7966 | D:8      | Killed a two-headed ogre
  7966 | D:8      | Received a gift from Okawaru
  8930 | D:9      | Found a glowing silver altar of Zin.
  8934 | D:9      | Found a radiant altar of Vehumet.
  9532 | D:10     | Killed Gastronok
  9777 | D:10     | Found a staircase to the Lair.
  9845 | Lair:1   | Entered Level 1 of the Lair of Beasts
 10017 | D:10     | Found a stormy altar of Qazlal.
 10233 | D:10     | Noticed a two-headed ogre
 10240 | D:10     | Killed a two-headed ogre
 10371 | D:11     | Found Haxzaxenuq's Assorted Antiques.
 10504 | Lair:1   | Reached skill level 10 in Armour
 10504 | Lair:1   | Reached skill level 10 in Shields
 10519 | Lair:1   | Reached XP level 12. HP: 73/77 MP: 18/18
 10909 | Lair:1   | Identified the +2 pair of boots "Teafaos" {Harm} (Okawaru
                  | gifted it to you on level 1 of the Lair of Beasts)
 10909 | Lair:1   | Received a gift from Okawaru
 10910 | Lair:1   | Reached skill level 11 in Fighting
 10910 | Lair:1   | Reached skill level 10 in Maces & Flails
 12299 | Lair:2   | Reached skill level 12 in Fighting
 12829 | Lair:3   | Reached ****** piety under Okawaru
 13207 | Lair:3   | Found a staircase to the Shoals.
 13377 | Lair:3   | Found a hole to the Spider Nest.
 13469 | Lair:3   | Reached XP level 13. HP: 51/87 MP: 19/19
 13738 | Lair:3   | Acquired the +11 morningstar of Precise Incision {holy,
                  | +Blink rPois Int-2 Dex+5}
 13835 | Lair:4   | Reached skill level 1 in Evocations
 13864 | Lair:4   | Reached skill level 13 in Fighting
 13866 | Lair:4   | Received a gift from Okawaru
 13877 | Lair:4   | HP: 3/88 [rime drake/icy flash freeze (33)]
 13889 | Lair:4   | Killed from afar by a rime drake

Illustrated notes

Levels and vault maps discovered:
D:1:      ebering_hopf_link, layout_basic, serial_co_window_serial,
          co_window_of_opportunity_a, co_window_paths_b, co_window_paths_a,
          co_window_paths_a, co_window_of_opportunity_a, co_window_corner_a,
          co_window_paths_a, co_window_2corner, co_window_unsneaky_path_c,
          co_window_of_opportunity_b, co_window_broadway_a, co_window_cross_3,
          co_window_2corner, co_window_paths_e, glass_columns_a, glass_columns_a
D:2:      layout_basic, basic_altar, ebering_ecumenical_altar_abandoned,
          uniq_terence, uniq_crazy_yiuf_cottage
D:3:      layout_rooms, grunt_decor_resistance
D:4:      layout_loops_cross, mainiacjoe_overflow_tiny_flanked,
          minmay_temple_entry_large_hall, uniq_edmund
D:5:      layout_basic
D:6:      layout_rooms, mainiacjoe_overflow_alcove_4
D:7:      layout_loops_corners, slow_altar_1, uniq_joseph, uniq_pikel
D:8:      layout_cave_pods, serial_ice, serial_ice_k, serial_ice_a,
          serial_ice_d, serial_ice_h, serial_ice_c, serial_ice_f,
          lightli_bailey_entry_fortress
D:9:      layout_basic, grunt_temple_overflow_open
D:10:     layout_rooms, fedhas_ov_isle_minmay, mainiacjoe_overflow_paths,
          david_lair_shrubbed, kennysheep_generic_room_14, uniq_gastronok
D:11:     layout_basic, serial_shops, shop_statue, shop, nicolae_shop_crystal,
          nicolae_shop_waterfront, shop, uniq_sonja
Temple:   eino_wide_crystal_templ
Lair:1:   layout_chaotic_city, st_stairs_4, serial_bayou_pond_e,
          kennysheep_rathole, grunt_megastairs_5
Lair:2:   layout_loops_ring
Lair:3:   layout_roguey, minmay_shoals_entry_hut, spider_nest_entry_rubble,
          serial_bayou_shore_a, infiniplex_staircase_pool
Lair:4:   layout_hall_layers, minmay_slime_entry_pillars,
          gauntlet_entry_generic, special_room [special_room_mythical_zoo],
          columned_hall_lemuel, cheibrodos_lair_reptile_den, uniq_josephine

Skill      XL: |  1  2  3  4  5  6  7  8  9 10 11 12 13 |
---------------+----------------------------------------+-----
Fighting       | 4 5 6 7 9 10 12 13 | 13.0
Maces & Flails | 3 4 5 6 8 9 11 | 11.9
Invocations    | 6 8 |  8.5
Armour         | 6 10 | 10.1
Shields        | 6 10 | 10.1
Evocations     | 2 |  2.4

Action                     |  1- 3 |  4- 6 |  7- 9 | 10-12 | 13-15 || total
---------------------------+-------+-------+-------+-------+-------++-------
  Melee: Flail             |    98 |    13 |   167 |   907 |       ||  1185
         Mace              |       |    68 |       |       |       ||    68
         Whip              |       |    67 |    90 |       |       ||   157
         Morningstar       |       |       |       |       |    74 ||    74
 Invoke: Heroism           |       |       |     2 |     5 |       ||     7
         Finesse           |       |       |       |     2 |     1 ||     3
    Use: Scroll            |       |       |     9 |    11 |     2 ||    22
         Potion            |       |       |     1 |     1 |     1 ||     3
 Armour: Scale mail        |    48 |   103 |   138 |   709 |    85 ||  1083
  Dodge: Dodged            |    47 |    75 |    93 |   420 |    60 ||   695
  Block: Buckler           |    14 |    41 |    51 |   252 |    42 ||   400
